 Dungeon Crawl Stone Soup version 0.17.0-28-g6e173f8 (webtiles) character file.

82 4thArraOfDagon the Ruffian (level 4, -7/61 HPs)
             Began as a Minotaur Monk on Nov 26, 2015.
             Killed by divine providence
             ... invoked by an orc priest
              (13 damage)
             ... on level 6 of the Dungeon.
             The game lasted 00:01:43 (406 turns).

4thArraOfDagon the Ruffian (Minotaur Monk)           Turns: 406, Time: 00:01:43

Health: -7/61      AC: 23    Str: 15    XL:     4   Next: 21%
Magic:  3/3        EV:  2    Int:  8    God:
Gold:   70         SH:  0    Dex: 13    Spells: 0 memorised, 3 levels left

rFire  . . .     SeeInvis .       - Unarmed
rCold  . . .     Clarity  .     (armour currently unavailable)
rNeg   + + +     SustAt   .     (no shield)
rPois  +         Gourm    .     (helmet currently unavailable)
rElec  .         Spirit   .     (cloak currently unavailable)
rCorr  .         Warding  .     (gloves currently unavailable)
rMut   .         NoTele   +     (boots currently unavailable)
MR     +....                    (no amulet)
Stlth  ++........               f - ring of protection from magic (curse)
                                e - +1 ring of protection

@: tree-form, somewhat resistant to hostile enchantments, unstealthy
A: (retaliatory headbutt), (horns 0), (iridescent scales 0)
a: no special abilities


You were on level 6 of the Dungeon.
You were not hungry.
You were a tree.
You visited 1 branch of the dungeon, and saw 6 of its levels.

You collected 70 gold pieces.

Inventory:

Missiles
 l - 5 curare-tipped needles
Armour
 a - a +0 robe (melded)
 i - a +1 cloak (melded)
Jewellery
 e - a +1 ring of protection (left branch)
 f - a cursed ring of protection from magic (right branch)
Wands
 m - a wand of flame (40)
Potions
 h - a potion of curing {unknown}
Comestibles
 b - a bread ration
 c - 5 fruits


   Skills:
 + Level 4.3 Fighting
 + Level 3.9 Dodging
 - Level 1.5 Stealth
 * Level 5.4 Unarmed Combat


You had 3 spell levels left.
You didn't know any spells.

Dungeon Overview and Level Annotations

Branches:
Dungeon (6/15)
 Temple: D:4-7

Altars:


Innate Abilities, Weirdness & Mutations

((You reflexively headbutt those who attack you in melee.))
((You have a pair of horns on your head.))
((You are partially covered in iridescent scales (AC +4).))


Message History

The orc priest shouts!
The orc shouts!
You hear a shout!
An orc priest comes into view. It is wielding a dagger.
The orc priest mumbles some strange prayers to Beogh against you.
Something smites you!
Unknown command.
The orc priest mumbles some strange prayers to Beogh against you.
Something smites you!
* * * LOW HITPOINT WARNING * * *
The orc priest casts a cantrip, but nothing happens.
The orc priest calls down the wrath of Beogh upon you.
Something smites you!
* * * LOW HITPOINT WARNING * * *
A crimson imp comes into view.
Drink which item? (? for menu, Esc to quit)
It was a potion of lignification.
You turn into a tree.
Your +1 cloak melds into your body.
Your +0 robe melds into your body.
Your roots penetrate the ground.
The orc barely misses you.
The orc priest invokes the aid of Beogh against you.
Something smites you!
You die...

.....## #.....#
#.....# #.....#
#....# # #....# .#
###+###....# o.##.
#....##....##o.....
#.....♣o..oo'5.....
#..........##...##.
#..<.......# #+#
##...##.....#
##...##.....#
#....#......#
#....##....##
#....#####+#
......#...#


You could see an orc warrior, 2 orc priests, a crimson imp and an orc.

Vanquished Creatures
  A hound (D:5)
  A centaur zombie (D:6)
  An adder (D:3)
  A giant cockroach (D:4)
  A hobgoblin (D:2)
  A bat (D:1)
  2 kobolds (D:2)
  A quokka skeleton (D:6)
  A rat (D:2)
10 creatures vanquished.

Notes
Turn   | Place    | Note
--------------------------------------------------------------
     0 | D:1      | 4thArraOfDagon the Minotaur Monk began the quest for the Orb.
     0 | D:1      | Reached XP level 1. HP: 19/19 MP: 0/0
   170 | D:3      | Reached XP level 2. HP: 27/27 MP: 1/1
   273 | D:4      | Gained mutation: Your mind is acute. (Int +2) [potion of mutation]
   273 | D:4      | Gained mutation: You are partially covered in iridescent scales (AC +4). [potion of mutation]
   273 | D:4      | Lost mutation: Your mind is acute. (Int +2) [potion of mutation]
   275 | D:5      | Entered Level 5 of the Dungeon
   330 | D:5      | Reached skill level 5 in Unarmed Combat
   330 | D:5      | Reached XP level 3. HP: 30/33 MP: 2/2
   378 | D:6      | Reached XP level 4. HP: 38/41 MP: 3/3
   400 | D:6      | Noticed an orc warrior
   406 | D:6      | Killed from afar by an orc priest

Action                   |  1- 3 |  4- 6 || total
-------------------------+-------+-------++-------
Melee: Unarmed           |    20 |     1 ||    21
  Use: Scroll            |     4 |       ||     4
       Potion            |     1 |     1 ||     2
 Stab: Sleeping          |     1 |       ||     1
